 Dungeon Crawl Stone Soup version 0.29-a0-92-gee772dd00f (webtiles) character file.

Game seed: 2698356749598678216

88 cyrus the Slasher (level 4, -2/37 HPs)
             Began as a Ghoul Gladiator on Feb 9, 2022.
             Slain by an iron imp (6 damage)
             ... summoned by Natasha
             ... on level 2 of the Dungeon.
             The game lasted 00:04:17 (1719 turns).

cyrus the Slasher (Ghoul Gladiator)                 Turns: 1719, Time: 00:04:17

Health: -2/37      AC:  5    Str: 17    XL:     4   Next: 54%
Magic:  3/3        EV: 12    Int:  5    God:
Gold:   74         SH:  0    Dex: 16    Spells: 3/3 levels left

rFire   . . .      SeeInvis .   a - +0 long sword
rCold   + . .      Faith    .   (no shield)
rNeg    + + +      Spirit   .   b - +0 leather armour
rPois   ∞          Reflect  .   c - +0 helmet
rElec   .          Harm     .   (no cloak)
rCorr   .          Rampage  .   g - +0 pair of gloves
Will    .....                   (no boots)
Stlth   +.........              f - amulet of magic regeneration
HPRegen 0.00/turn               j - +6 ring of dexterity
MPRegen 0.48/turn               (no ring)

@: brilliant, inhibited regen
A: claws 1, cold resistance 1, negative energy resistance 3, inhibited
regeneration, torment resistance 2
a: no special abilities


You were on level 2 of the Dungeon.
You visited 1 branch of the dungeon, and saw 2 of its levels.

You collected 74 gold pieces.

Inventory:

Hand Weapons
 a - a +0 long sword (weapon)
Missiles
 d - 2 throwing nets (quivered)
Armour
 b - a +0 leather armour (worn)
 c - a +0 helmet (worn)
 g - a +0 pair of gloves (worn)
Jewellery
 f - an amulet of magic regeneration (around neck)
 h - an amulet of guardian spirit
 j - a +6 ring of dexterity (left hand)
Scrolls
 e - a scroll of teleportation {unknown}
 i - 2 scrolls of identify {unknown}
 k - a scroll of torment {unknown}
 l - a scroll of enchant armour {unknown}
 m - a scroll of fog {unknown}


   Skills:
 + Level 2.9 Fighting
 + Level 3.9 Long Blades
 + Level 1.8 Throwing
 + Level 1.1 Armour
 + Level 2.9 Dodging


You had 3 spell levels left.
You didn't know any spells.
Your spell library was empty.

Dungeon Overview and Level Annotations

Branches:
Dungeon (2/15)

Altars:

Annotations:
D:2 Natasha


Innate Abilities, Weirdness & Mutations

You thrive by killing the living.
You are immune to poison.
You have sharp fingernails.
Your flesh is cold resistant. (rC+)
You are immune to negative energy. (rN+++)
You do not regenerate when monsters are visible.
You are immune to unholy pain and torment.


Message History

You feel yourself speed up.
Natasha, Servant of Life and Death comes into view.
Natasha hisses angrily.
Natasha claws you.
You closely miss Natasha. Natasha claws you but does no damage.
You closely miss Natasha.
Natasha drinks a potion.
Natasha's spells are empowered!
You hit Natasha but do no damage. Natasha claws you but does no damage.
Natasha stares at you and mumbles some strange words.
The magic dart hits you.
You barely miss Natasha. Natasha claws you.
You hit Natasha.
Natasha is lightly wounded.
Natasha claws you!
You closely miss Natasha.
Natasha is lightly wounded.
Natasha claws you.
You barely miss Natasha.
Natasha is lightly wounded.
Natasha casts a spell.
You feel clever all of a sudden.
Natasha stares at you and mumbles some strange words.
The magic dart hits you.
* * * LOW HITPOINT WARNING * * *
You hit Natasha.
Natasha is heavily wounded.
A bat comes into view.
Natasha barely misses you. The iron imp hits you.
* * * LOW HITPOINT WARNING * * *
Natasha barely misses you.
The bat moves out of view.
You closely miss Natasha.
Natasha is heavily wounded.
The iron imp hits you.
* * * LOW HITPOINT WARNING * * *
Natasha claws you.
* * * LOW HITPOINT WARNING * * *
You hit Natasha.
Natasha is almost dead.
The iron imp hits you.
You die...

###..# #.......#
.....###.......###
###..............# #####
#...##.......#.######## #...
#...##.........†......####.###
#†#.##.......#####.....>.....#
#.#.....#.#### #..#.####.#.#
#.###.###.## #####..#.# #.#.##
###..>.......# #@h....#.#
#..... .##########..#
#5####.#.####.....
...........†.# #.#
#.#.#........ #####.####†#)#
#.# #.#.#.##..... #.# #.#.#
#.# #.#.#.##).... #####.#
#.#.###.# #.#.#.##.#.##
......#
##.#.#...####........#.#
.######
#..#.#.####.....#.###..# .#
#.##†#.# #<#####.# .##


You could see an iron imp (summoned) and Natasha (empowered).

Vanquished Creatures
  Natasha (D:2)
  3 adders (D:2)
  A worm (D:2)
  2 dart slugs (D:1)
  3 bats
  An endoplasm (D:2)
  A giant cockroach (D:2)
  3 goblins (D:2)
  3 hobgoblins
  A quokka (D:1)
  4 ball pythons
  5 frilled lizards
  2 kobolds (D:1)
  5 rats
35 creatures vanquished.

Notes
Turn   | Place    | Note
-------+----------+-------------------------------------------
     0 | D:1      | cyrus the Ghoul Gladiator began the quest for the Orb.
     0 | D:1      | Reached XP level 1. HP: 17/17 MP: 0/0
   106 | D:1      | Upgraded the game from 0.29-a0-91-gdebf4667c2 to
                  | 0.29-a0-92-gee772dd00f
   165 | D:1      | Reached skill level 3 in Long Blades
   165 | D:1      | Reached XP level 2. HP: 23/24 MP: 1/1
   979 | D:2      | Reached XP level 3. HP: 17/30 MP: 2/2
  1320 | D:2      | Reached XP level 4. HP: 23/37 MP: 3/3
  1581 | D:2      | Noticed Natasha
  1588 | D:2      | Killed Natasha
  1589 | D:2      | Reached skill level 1 in Armour
  1707 | D:2      | Noticed Natasha
  1719 | D:2      | Slain by an iron imp

Illustrated notes

Levels and vault maps discovered:
D:1:      saegor_arrival_simple_d, layout_rooms, dk_noncrumbling_2
D:2:      layout_loops_ring, chequers_serial_rivers_micro_d,
          minmay_close_crescents, uniq_natasha

Skill      XL: |  1  2  3  4 |
---------------+-------------+-----
Long Blades    | 3 |  3.9
Armour         | 1 |  1.1
Fighting       | |  2.9
Throwing       | |  1.8
Dodging        | |  2.9

Action                   |  1- 3 |  4- 6 || total
-------------------------+-------+-------++-------
Melee: Long sword        |   111 |    17 ||   128
       Punch             |     1 |       ||     1
Throw: Throwing net      |     1 |       ||     1
  Use: Potion            |     1 |     1 ||     2
Armor: Leather armour    |    58 |     3 ||    61
Dodge: Dodged            |    95 |     7 ||   102

Table legend: (Time is in decaauts)
 A = Elapsed time spent in this place.
 B = Non-inter-level travel time spent in this place.
 C = Inter-level travel time spent in this place.
 D = Time resting spent in this place.
 E = Time spent auto-exploring this place.
 F = Levels seen in this place.
 G = Mean time per level.
                   A        B        C        D        E       F      G
               +--------+--------+--------+--------+--------+-----+--------+
         Total |   1754 |   1754 |      0 |    177 |   1141 |   2 |  877.0 |
       Dungeon |   1754 |   1754 |      0 |    177 |   1141 |   2 |  877.0 |
               +--------+--------+--------+--------+--------+-----+--------+

Top non-repeatable levels by time:
     D:2: 947 daAuts
     D:1: 806 daAuts
